 Dungeon Crawl Stone Soup version 0.23.1-37-gaa34b87b72 (webtiles) character file.

Game seed: 508079565199456252

15948623 cada the Octopoid Barricade (level 27, 291/291 HPs)
             Began as an Octopode Fighter on Mar 20, 2019.
             Was a High Priest of Okawaru.
             Escaped with the Orb
             ... and 15 runes on Mar 24, 2019!
             The game lasted 13:36:37 (98766 turns).

cada the Octopoid Barricade (Octopode Fighter)     Turns: 98766, Time: 13:36:38

Health: 291/291    AC: 31    Str: 28    XL:     27
Magic:  63/63      EV: 39    Int: 32    God:    Okawaru [*****.]
Gold:   15504      SH: 36    Dex: 23    Spells: 20/80 levels left

rFire    + + +     SeeInvis +   b - +9 eudemon blade (holy)
rCold    + . .     Gourm    .   G - +8 large shield of Snakes and Ladders {rF+ MP+9 SInv}
rNeg     + + +     Faith    .   S - -2 hat of the Alchemist {rElec rPois rF+ rC+ rN+ MR+ rMut rCorr}
rPois    ∞         Spirit   .   D - amulet of Tomorrow {Acrobat *Slow Int+6 SInv Stlth+}
rElec    +         Reflect  .   f - ring "Ulipn" {EV+3 Int+4 Dex+4}
rCorr    +         Harm     .   E - ring "Xolyoloc" {Wiz rF+ Slay+3}
rMut     +                      h - ring "Citrev" {rElec rPois rC++ Dex+3}
MR       +++++                  r - ring of Worgh {Fire Str+4}
Stlth    +++.......             J - ring of Poeqeudd {rN+ Int+3}
HPRegen  0.58/turn              P - ring of Ashribiorgh {Wiz rC- Str+4 Int+3}
MPRegen  0.38/turn              X - ring "Woirgh" {rF+ Str+2}
                                K - ring "Qyh Gugh" {rF++ rN+ MR+}

@: statue-form, very slow
A: almost no armour, stealthy swim, amphibious, 8 rings, constrict 8, camouflage
1, clumsy 1, magic resistance 1, sense surroundings 1, screaming 1, strong 1,
wild magic 1, MP-powered wands
0: Orb of Zot
}: 15/15 runes: decaying, slimy, silver, golden, iron, obsidian, icy, bone,
abyssal, demonic, glowing, magical, fiery, dark, gossamer
a: End Transformation, Heroism, Finesse, Renounce Religion


You escaped.
You worshipped Okawaru.
Okawaru was extremely pleased with you.
You were not hungry.
You were a stone statue.
You visited 18 branches of the dungeon, and saw 90 of its levels.
You visited Pandemonium 1 time, and saw 14 of its levels.
You visited the Abyss 3 times.
You visited 2 bazaars.
You also visited: Ice Cave and Wizlab.

You collected 16810 gold pieces.
You spent 1306 gold pieces at shops.

Inventory:

Hand Weapons
 b - a +9 eudemon blade of holy wrath (weapon)
 e - a +9 vampiric double sword
 k - the +8 scimitar "Kauw" {speed, +Inv rF+ rC- SInv}
   (Okawaru gifted it to you on level 7 of Cocytus)

   Attacks with this weapon are significantly faster.
   It protects you from fire.
   It makes you vulnerable to cold.
   It lets you see invisible.
   It lets you turn invisible.
Missiles
 Y - 9 throwing nets (quivered)
Armour
 G - the +8 large shield of Snakes and Ladders (worn) {rF+ MP+9 SInv}
   (Okawaru gifted it to you on level 1 of the Realm of Zot)

   It protects you from fire.
   It affects your magic capacity (+9).
   It lets you see invisible.
 S - the -2 hat of the Alchemist (worn) {rElec rPois rF+ rC+ rN+ MR+ rMut rCorr}
   (You found it in a wizard's laboratory)

   It protects you from fire.
   It protects you from cold.
   It insulates you from electricity.
   It protects you from poison.
   It protects you from negative energy.
   It affects your resistance to hostile enchantments.
   It provides partial protection from all sources of acid and corrosion.
   It protects you from mutation.
Jewellery
 f - the ring "Ulipn" (left tentacle) {EV+3 Int+4 Dex+4}
   (You found it on level 5 of the Vaults)

   [ring of evasion]

   It affects your evasion (+3).
   It affects your intelligence (+4).
   It affects your dexterity (+4).
 h - the ring "Citrev" (on tentacle) {rElec rPois rC++ Dex+3}
   (You found it on level 3 of the Elven Halls)

   [ring of poison resistance]

   It affects your dexterity (+3).
   It greatly protects you from cold.
   It insulates you from electricity.
   It protects you from poison.
 j - the cursed ring "Gaohipy" {*Contam rF+++ Str-3 Int+4}
   (You found it on level 3 of the Elven Halls)

   [ring of strength]

   It affects your strength (-3).
   It affects your intelligence (+4).
   It renders you almost immune to fire.
   It causes magical contamination when unequipped.
   It has a curse placed upon it.
 l - the ring of the Commoners {Wiz +Fly rN+ Slay-3}
   (You acquired it in Pandemonium)

   [ring of wizardry]

   It improves your spell success rate.
   It affects your accuracy and damage with ranged weapons and melee attacks
   (-3).
   It protects you from negative energy.
   It lets you fly.
 r - the ring of Worgh (on tentacle) {Fire Str+4}
   (You took it off an orc on level 5 of the Vaults)

   [ring of fire]

   It enhances your fire magic.
   It affects your strength (+4).
   It protects you from fire.
   It makes you vulnerable to cold.
 u - the amulet "Irodajie" {RegenMP Fragile rF+ rN++}
   (You found it on level 3 of the Tomb of the Ancients)

   [amulet of magic regeneration]

   It increases your magic regeneration.
   It protects you from fire.
   It greatly protects you from negative energy.
   It will be destroyed if unequipped.
 v - the ring of New Discoveries {+Fly rF+ rN+ Str+3 Int-3}
   (You found it on level 7 of the Iron City of Dis)

   [ring of flight]

   It affects your strength (+3).
   It affects your intelligence (-3).
   It protects you from fire.
   It protects you from negative energy.
   It lets you fly.
 A - the ring "Osoaraudapn" {+Inv rPois rF+ rN+ Dex-4}
   (You found it on level 3 of the Crypt)

   [ring of positive energy]

   It affects your dexterity (-4).
   It protects you from fire.
   It protects you from poison.
   It protects you from negative energy.
   It lets you turn invisible.
 D - the amulet of Tomorrow (around mantle) {Acrobat *Slow Int+6 SInv Stlth+}
   (You found it on level 5 of the Depths)

   [amulet of the acrobat]

   It helps you evade while moving and waiting.
   It affects your intelligence (+6).
   It lets you see invisible.
   It may slow you when you take damage.
   It makes you more stealthy.
 E - the ring "Xolyoloc" (right tentacle) {Wiz rF+ Slay+3}
   (You took it off a yaktaur on level 5 of the Vaults)

   [ring of wizardry]

   It improves your spell success rate.
   It affects your accuracy and damage with ranged weapons and melee attacks
   (+3).
   It protects you from fire.
 H - the amulet of Keroup {Spirit *Corrode +Blink rC++ Slay+4}
   (You found it on level 7 of Gehenna)

   [amulet of guardian spirit]

   It causes incoming damage to be split between your health and magic.
   It affects your accuracy and damage with ranged weapons and melee attacks
   (+4).
   It greatly protects you from cold.
   It lets you blink.
   It may corrode you when you take damage.
 J - the ring of Poeqeudd (on tentacle) {rN+ Int+3}
   (You found it on level 3 of the Crypt)

   [ring of positive energy]

   It affects your intelligence (+3).
   It protects you from negative energy.
 K - the ring "Qyh Gugh" (on tentacle) {rF++ rN+ MR+}
   (You found it on level 3 of the Crypt)

   [ring of positive energy]

   It greatly protects you from fire.
   It protects you from negative energy.
   It affects your resistance to hostile enchantments.
 O - the ring of the Disturbing Songs {Fire rN+}
   (You found it on level 4 of the Depths)

   [ring of fire]

   It enhances your fire magic.
   It protects you from fire.
   It makes you vulnerable to cold.
   It protects you from negative energy.
 P - the ring of Ashribiorgh (on tentacle) {Wiz rC- Str+4 Int+3}
   (You acquired it on level 2 of the Orcish Mines)

   [ring of wizardry]

   It improves your spell success rate.
   It affects your strength (+4).
   It affects your intelligence (+3).
   It makes you vulnerable to cold.
 V - the ring of Robustness {AC+8}
   (You found it on level 7 of Gehenna)

   [ring of protection]

   It affects your AC (+8).
 X - the ring "Woirgh" (on tentacle) {rF+ Str+2}
   (You bought it in a shop on level 2 of the Orcish Mines)

   [ring of protection from fire]

   It affects your strength (+2).
   It protects you from fire.
Wands
 o - a wand of clouds (14)
 y - a wand of digging (12)
Scrolls
 g - 15 scrolls of enchant armour
 i - 12 scrolls of amnesia
 m - 7 scrolls of summoning
 p - 11 scrolls of teleportation
 q - 28 scrolls of remove curse
 t - a scroll of blinking
 w - 2 scrolls of holy word
 L - 5 scrolls of fear
 Q - 7 scrolls of immolation
 T - 2 scrolls of fog
 U - 2 scrolls of identify
 W - 4 scrolls of silence
Potions
 a - 8 potions of resistance
 d - 17 potions of curing
 n - 10 potions of brilliance
 s - 13 potions of flight
 x - 3 potions of agility
 z - 10 potions of lignification
 B - 11 potions of berserk rage
 F - 2 potions of invisibility
 I - 2 potions of haste
 M - 4 potions of magic
 N - 15 potions of mutation
 R - a potion of cancellation
 Z - 2 potions of heal wounds
Miscellaneous
 C - a figurine of a ziggurat
Comestibles
 c - 24 rations


   Skills:
 O Level 27 Fighting
 + Level 24.1 Long Blades
   Level 4.4 Staves
 - Level 0.9 Throwing
 O Level 27 Dodging
 - Level 13.5 Stealth
 O Level 27 Shields
 O Level 27 Spellcasting
 - Level 11.4 Charms
 - Level 7.5 Summonings
 - Level 4.3 Necromancy
 - Level 17.0 Translocations
 - Level 10.5 Transmutations
 - Level 14.1 Fire Magic
 - Level 5.0 Air Magic
 * Level 20.8 Earth Magic
 - Level 11.6 Invocations
 - Level 6.7 Evocations


You had 20 spell levels left.
You knew the following spells:

 Your Spells              Type           Power        Failure   Level  Hunger
a - Song of Slaying       Chrm           ########     1%          2    None
b - Regeneration          Chrm/Necr      #######...   1%          3    None
c - Statue Form           Tmut/Erth      ########.    1%          6    None
d - Blink                 Tloc           N/A          1%          2    None
e - Ring of Flames        Chrm/Fire      ########..   1%          7    None
f - Controlled Blink      Tloc           N/A          1%          8    None
g - Silence               Hex/Air        ######....   2%          5    None
h - Shatter               Erth           ########..   4%          9    ####...
i - Aura of Abjuration    Summ           #######...   1%          5    None
j - Dispel Undead         Necr           #######.     1%          5    None
k - Swiftness             Chrm/Air       #######.     1%          2    None
l - Iron Shot             Conj/Erth      #######...   1%          6    None

Your spell library contained the following spells:

 Spells                   Type           Power        Failure   Level  Hunger
 Animate Skeleton         Necr           N/A          1%          1    None
 Apportation              Tloc           ######       1%          1    None
 Beastly Appendage        Tmut           ######       1%          1    None
 Confusing Touch          Hex            ######       1%          1    None
 Corona                   Hex            ######.      1%          1    None
 Flame Tongue             Conj/Fire      #####        1%          1    None
 Freeze                   Ice            ####         1%          1    None
 Infusion                 Chrm           ####         1%          1    None
 Magic Dart               Conj           ####         1%          1    None
 Pain                     Necr           ####         1%          1    None
 Sandblast                Erth           ######       1%          1    None
 Shock                    Conj/Air       ####         1%          1    None
 Sting                    Conj/Pois      ####         1%          1    None
 Summon Butterflies       Summ           #######.     1%          1    None
 Summon Small Mammal      Summ           ####         1%          1    None
 Corpse Rot               Necr           N/A          1%          2    None
 Ensorcelled Hibernation  Hex/Ice        ######       1%          2    None
 Passwall                 Tmut/Erth      ########     1%          2    None
 Poisonous Vapours        Pois/Air       ######       1%          2    None
 Searing Ray              Conj           ######       1%          2    None
 Shroud of Golubria       Chrm/Tloc      ########..   1%          2    None
 Slow                     Hex            ######..     1%          2    None
 Sticks to Snakes         Tmut           #######.     1%          2    None
 Sublimation of Blood     Necr           #######...   1%          2    None
 Throw Flame              Conj/Fire      ######       1%          2    None
 Throw Frost              Conj/Ice       ######       1%          2    None
 Call Canine Familiar     Summ           #######.     1%          3    None
 Confuse                  Hex            ######..     1%          3    None
 Conjure Flame            Conj/Fire      ########     1%          3    None
 Dazzling Spray           Conj/Hex       ######       1%          3    None
 Gell's Gravitas          Tloc           ########..   1%          3    None
 Ignite Poison            Fire/Tmut/Pois ########     1%          3    None
 Inner Flame              Hex/Fire       ########     1%          3    None
 Lesser Beckoning         Tloc           ########..   1%          3    None
 Mephitic Cloud           Conj/Pois/Air  ######..     1%          3    None
 Ozocubu's Armour         Chrm/Ice       #######.     1%          3    None
 Portal Projectile        Hex/Tloc       ######       1%          3    None
 Recall                   Summ/Tloc      N/A          1%          3    None
 Spectral Weapon          Hex/Chrm       #######.     1%          3    None
 Spider Form              Tmut/Pois      #######...   1%          3    None
 Static Discharge         Conj/Air       ######..     1%          3    None
 Stone Arrow              Conj/Erth      ######       1%          3    None
 Tukima's Dance           Hex            ######..     1%          3    None
 Vampiric Draining        Necr           #######...   1%          3    None
 Airstrike                Air            #######...   1%          4    None
 Animate Dead             Necr           N/A          1%          4    None
 Force Lance              Conj/Tloc      #######.     1%          4    None
 Ice Form                 Ice/Tmut       #######.     1%          4    None
 Leda's Liquefaction      Hex/Erth       #######...   1%          4    None
 Petrify                  Tmut/Erth      ########     1%          4    None
 Sticky Flame             Conj/Fire      ########     1%          4    None
 Summon Ice Beast         Ice/Summ       ######..     1%          4    None
 Summon Lightning Spire   Summ/Air       #######.     1%          4    None
 Agony                    Necr           #######.     1%          5    None
 Alistair's Intoxication  Tmut/Pois      #######.     1%          5    None
 Blade Hands              Tmut           #######...   1%          5    None
 Bolt of Magma            Conj/Fire/Erth ########..   1%          5    None
 Borgnjor's Vile Clutch   Necr/Erth      ########..   1%          5    None
 Excruciating Wounds      Chrm/Necr      #######...   1%          5    None
 Fireball                 Conj/Fire      ########..   1%          5    None
 Irradiate                Conj/Tmut      #######...   1%          5    None
 Iskenderun's Battlesphe  Conj/Chrm      #######.     1%          5    None
 Lee's Rapid Deconstruct  Erth           ########..   1%          5    None
 Summon Demon             Summ           #######...   1%          5    None
 Summon Forest            Summ/Tloc      ########..   1%          5    None
 Summon Mana Viper        Hex/Summ       ######..     1%          5    None
 Yara's Violent Unravell  Hex/Tmut       #######...   1%          5    None
 Deflect Missiles         Chrm/Air       #######...   1%          6    None
 Dispersal                Tloc           ########..   1%          6    None
 Hydra Form               Tmut           #######...   1%          6    None
 Shadow Creatures         Summ           N/A          1%          6    None
 Malign Gateway           Summ/Tloc      ########..   1%          7    None
 Disjunction              Tloc           ########..   1%          8    None
 Cause Fear               Hex            ######....   2%          4    None
 Fulminant Prism          Conj/Hex       ######....   2%          4    None
 Iskenderun's Mystic Bla  Conj           ######..     2%          4    None
 Olgreb's Toxic Radiance  Pois           ######..     2%          4    None
 Throw Icicle             Conj/Ice       ######..     2%          4    None
 Bolt of Draining         Conj/Necr      ######....   2%          5    None
 Lightning Bolt           Conj/Air       ######....   2%          5    None
 Bolt of Fire             Conj/Fire      ########..   2%          6    None
 Dragon Form              Tmut           #######...   2%          7    None
 Metabolic Englaciation   Hex/Ice        ######....   5%          5    None
 Venom Bolt               Conj/Pois      ######....   5%          5    None
 Death Channel            Necr           #######...   5%          6    None
 Monstrous Menagerie      Summ           #######...   8%          7    None
 Summon Greater Demon     Summ           #######...   8%          7    None
 Summon Hydra             Summ           #######...   8%          7    None
 Conjure Ball Lightning   Conj/Air       ######....   11%         6    None
 Simulacrum               Ice/Necr       ######....   13%         6    None
 Freezing Cloud           Conj/Ice/Air   ######....   14%         6    None
 Bolt of Cold             Conj/Ice       ######....   26%         6    None
 Darkness                 Hex            ######....   26%         6    None
 Ozocubu's Refrigeration  Ice            ######....   26%         6    None
 Spellforged Servitor     Conj/Summ      ######....   28%         7    None
 Summon Horrible Things   Summ           #######...   43%         8    None
 Orb of Destruction       Conj           ######....   75%         7    None
 Dragon's Call            Summ           #######...   99%         9    ####...
 Tornado                  Air            #######...   100%        9    ####...
 Passage of Golubria      Tloc           Unusable     N/A         4    N/A

Dungeon Overview and Level Annotations

Branches:
Dungeon (15/15)            Temple (1/1) D:5            Lair (6/6) D:8
  Swamp (4/4) Lair:4       Spider (4/4) Lair:2        Slime (5/5) Lair:6
    Orc (2/2) D:9             Elf (3/3) Orc:2        Vaults (5/5) D:14
  Crypt (3/3) Vaults:2       Tomb (3/3) Crypt:3      Depths (5/5) D:15
   Hell (1/1)                 Dis (7/7) Hell            Geh (7/7) Hell
    Coc (7/7) Hell            Tar (7/7) Hell            Zot (5/5) Depths:5

Altars:
Ashenzari
Cheibriados
Dithmenos
Elyvilon
Fedhas
Gozag
Hepliaklqana
Kikubaaqudgha
Makhleb
Nemelex Xobeh
Okawaru
Qazlal
Ru
Sif Muna
Trog
Uskayaw
Vehumet
Wu Jian
Xom
Yredelemnul
Zin
The Shining One
Lugonu

Shops:
Orc:2 ?*[}*(   Elf:2 [*=!   Vaults:1 }(}[*   Depths:4 :}(

Portals:
Hell: Depths:1 Depths:2 Depths:3 Depths:4 Depths:5
Abyss: Depths:3 Depths:4
Pandemonium: Depths:3 Depths:4
Ziggurat: Depths:3

Annotations:
D:10 4 runed translucent doors
Lair:2 exclusion: oklob plant
Lair:4 exclusion: 2 oklob plants
Swamp:4 Lernaean hydra
Vaults:1 exclusion: orange crystal statue


Innate Abilities, Weirdness & Mutations

You cannot wear most types of armour.
You are very stealthy in the water. (Stealth+)
You are amphibious.
You can wear up to eight rings at the same time.
You can use your tentacles to constrict eight enemies at once.
Your skin changes colour to match your surroundings (Stealth+).
((Your rubbery body absorbs attacks. (AC +1, EV +1)))
((You are partially covered in slimy green scales. (AC +2)))
You are clumsy. (Dex -2)
You are resistant to hostile enchantments. (MR+)
You passively map a small area around you.
You occasionally shout uncontrollably at your foes.
Your muscles are strong. (Str +2)
Your spells are a little harder to cast, but a little more powerful.
You expend magic power (3 MP) to strengthen your wands.


Message History

This square is covered in magical glow.
You feel a surge of power!
The rock shatters into small pieces.
There is an open gate here.
A great orb of eyes comes into view.
The great orb of eyes gazes at you. You resist with almost no effort.
There is an open door here.
Your tentacles slow down.
You block the great orb of eyes's attack.
There is an open door here.
You slice the great orb of eyes!! You squeeze the great orb of eyes!
The great orb of eyes is heavily wounded.
You hit the great orb of eyes.
The great orb of eyes is severely wounded.
You block the great orb of eyes's attack.
You slice the great orb of eyes!!
You kill the great orb of eyes!
Okawaru accepts your kill.
There is a staircase leading out of the dungeon here.
You have escaped!

#####♣..............♣#
♣.♣.....♣♣#'''#♣♣♣....
♣♣♣.....♣♣###...###♣♣..)
♣.....♣♣♣ #.......# ♣♣♣.
#♣♣♣...♣♣♣####..8.8..####♣♣
♣......♣###..#.......'..###
♣.....♣♣#....#.8.....#....#
♣♣....♣ #....'...⌠...#....#
♣♣..♣♣ #.8..#.....8.#..(.#
♣..♣♣ #....#.......#....#
#♣..♣♣###################
♣....[♣ #...#...#...# ♣.
♣....♣♣ #...#...'..># ♣.
♣♣.).♣♣ ##..#...#..##♣♣.
♣....♣♣ #..#####..#♣♣..
#♣....♣♣##.......##....
#♣♣...♣♣####'####....#


There were no monsters in sight!

Vanquished Creatures
  Cerebov (Pan)
  Antaeus (Coc:7)
  Dissolution (Slime:5)
  Asmodeus (Geh:7)
  Gloorx Vloq (Pan)
  Ereshkigal (Tar:7)
  the Royal Jelly (Slime:5)
  the Serpent of Hell (Geh:7)
  Mnoleg (Pan)
  Dispater (Dis:7)
  A seraph (D:5)
  Lom Lobon (Pan)
  4 ancient liches
  10 orbs of fire
  Mara (Vaults:2)
  Mennas (Crypt:1)
  A juggernaut (Depths:2)
  10 pandemonium lords
  Sojobo (Depths:1)
  Boris (twice) (Crypt:3 Tomb:1)
  28 greater mummies
  5 Killer Klowns (Zot:5)
  24 shard shrikes
  3 caustic shrikes
  Geryon (Hell)
  8 golden dragons
  A curse toe (Zot:1)
  Jory (Depths:5)
  4 profane servitors
  A mutant beast (WizLab)
  17 bone dragons
  37 Tzitzimimeh
  6 doom hounds
  A hellephant (Abyss:3)
  3 electric golems
  5 iron giants
  16 liches
  25 Brimstone Fiends
  23 tentacled monstrosities
  11 Hell Sentinels
  Rupert (D:14)
  22 Ice Fiends
  31 Orb Guardians
  The ghost of Janua the Champion of Chaos, an adept DDFi of Makhleb (Depths:5)
  6 titans
  13 quicksilver dragons
  3 deep elf blademasters
  Asterion (Depths:2)
  5 death cobs
  11 sphinxes
  A sphinx (shapeshifter) (Vaults:5)
  14 tentacled starspawn
  26 Executioners
  30 acid blobs
  15 ancient champions
  5 eldritch tentacles
  2 deep elf master archers (Elf:3)
  Frances (Elf:1)
  A thorn hunter (Swamp:4)
  13 tengu reavers
  18 storm dragons
  12 shadow dragons
  17 azure jellies
  A frost giant (shapeshifter) (Vaults:5)
  2 daevas
  Roxanne (D:14)
  11 fire giants
  The ghost of raetorn the Devastator, an adept DgCj (Elf:3)
  11 revenants
  7 draconian monks
  7 draconian knights
  The ghost of Ojoqaw the Severer, an adept MiFi of Makhleb (Depths:5)
  The ghost of Ilais the Severer, an adept MiFi of Makhleb (Depths:5)
  7 warmongers (Pan)
  34 balrugs
  5 draconian scorchers
  3 deep elf sorcerers
  4 iron dragons
  13 ghost moths
  16 vault wardens
  9 corrupters (Pan)
  22 cacodemons
  4 draconian stormcallers
  15 frost giants
  4 curse skulls
  An orc warlord (Orc:1)
  Aizul (Spider:3)
  5 draconian shifters
  6 emperor scorpions
  An angel (D:5)
  5 deep elf elementalists
  12 blood saints (Pan)
  10 ghouls
  2 spriggan defenders
  A caustic shrike skeleton (Crypt:3)
  40 very ugly things
  6 draconian annihilators
  3 elemental wellsprings
  14 bennus
  16 ironheart preservers
  5 entropy weavers
  2 ophanim (Abyss:1)
  72 reapers
  10 green draconians
  12 war gargoyles
  13 vampire knights
  13 lorocyprocas
  7 black draconians
  16 stone giants
  5 black suns (Pan)
  2 spectral titans (Crypt:3)
  8 deep elf demonologists
  3 dire elephants
  7 purple draconians
  6 red draconians
  17 spark wasps
  17 deep elf annihilators
  2 white draconians
  Snorg (Lair:4)
  10 yellow draconians
  8 eidola
  26 blizzard demons
  23 green deaths
  10 jiangshi
  2 spectral quicksilver dragons (Crypt:3)
  10 ettins
  30 small abominations
  3 quicksilver dragon zombies
  12 deep elf death magi
  12 death oozes
  20 fire dragons
  11 rakshasas
  27 yaktaur captains
  26 mummy priests
  A kraken zombie (Coc:7)
  18 great orbs of eyes
  2 deep elf high priests
  3 monstrous demonspawn (Pan)
  14 hydras
  3 hell beasts
  7 quicksilver dragon skeletons
  2 death knights
  2 catoblepae
  4 spriggan air magi
  29 vault guards
  2 ghost crabs
  12 ogre magi
  12 alligators
  15 centaur warriors
  A two-headed ogre (shapeshifter) (WizLab)
  26 ice dragons
  A shambling mangrove (Swamp:1)
  An anaconda (shapeshifter) (Vaults:5)
  35 two-headed ogres
  39 dancing weapons
  5 spectral stone giants (Crypt:3)
  20 death scarabs
  6 deep troll earth magi
  3 deep troll shamans
  A spectral storm dragon (Crypt:3)
  13 vampire magi
  8 death yaks (Lair:6)
  5 tengu warriors
  4 orc high priests
  A spectral frost giant (Crypt:3)
  13 thrashing horrors
  7 storm dragon zombies
  59 soul eaters
  5 spriggan berserkers
  91 hell knights
  7 titan zombies
  24 hell hogs
  72 sun demons
  A salamander mystic (Depths:3)
  2 fire crabs (shapeshifter) (WizLab)
  4 spatial maelstroms
  28 deep elf knights
  6 titan skeletons
  14 wretched stars
  31 sixfirhies
  4 unseen horrors
  3 iron golems
  14 shadow wraiths
  An unseen horror (shapeshifter) (Vaults:2)
  2 death drakes (shapeshifter)
  5 infernal demonspawn (Pan)
  21 flayed ghosts
  12 glowing orange brains
  2 spriggan druids (Swamp:2)
  146 skeletal warriors
  6 torturous demonspawn (Pan)
  5 golden dragon zombies
  3 lindwurms (Lair:6)
  15 anaconda zombies
  33 shadow demons
  5 golden dragon skeletons
  6 swamp dragons
  15 deep elf archers
  15 ironbrand convokers
  3 storm dragon skeletons
  22 deep trolls
  7 gelid demonspawn
  2 harpies (shapeshifter)
  5 shadow dragon zombies
  14 orc knights
  3 anaconda skeletons
  Pikel (D:4)
  15 wizards
  17 phantasmal warriors
  A spectral iron dragon (Crypt:3)
  7 harpies
  22 orb spiders
  8 fire giant zombies
  A faun (shapeshifter) (WizLab)
  26 necromancers
  6 stone giant zombies
  A tengu skeleton (Depths:3)
  A spectral ice dragon (Crypt:3)
  52 ugly things
  9 iron dragon zombies
  37 wolf spiders
  5 wolf spider zombies
  3 shadow dragon skeletons
  14 orc sorcerers
  3 salamanders (Depths:3)
  4 worldbinders (Abyss:3)
  70 deep elf magi
  A spectral alligator (Crypt:3)
  2 oklob plants (Lair:6)
  8 frost giant zombies
  7 iron dragon skeletons
  9 shining eyes
  32 moths of wrath
  7 cyclopes
  A manticore (shapeshifter) (Vaults:5)
  4 manticores
  2 elephants (shapeshifter)
  28 elephants
  A black mamba (shapeshifter) (WizLab)
  3 guardian serpents (shapeshifter)
  44 rust devils
  5 black mambas
  8 fire giant skeletons
  5 dire elephant zombies
  2 ice statues
  2 guardian serpents (Abyss:3)
  A naga mage (Abyss:3)
  15 vault sentinels
  7 torpor snails
  A shock serpent zombie (Tar:1)
  3 eyes of devastation
  92 smoke demons
  3 titan simulacra
  A gargoyle (D:13)
  4 apocalypse crabs
  9 frost giant skeletons
  An eye of devastation (shapeshifter) (WizLab)
  3 storm dragon simulacra (Crypt:3)
  Psyche (D:8)
  8 molten gargoyles
  8 spectral swamp worms (Tar:7)
  2 shock serpent skeletons
  6 emperor scorpion zombies
  35 orange demons
  19 spiny frogs
  5 dire elephant skeletons
  7 stone giant skeletons
  A spiny frog (shapeshifter) (WizLab)
  71 yaktaurs
  57 freezing wraiths
  30 hellions
  4 rime drakes
  A komodo dragon (shapeshifter) (WizLab)
  13 efreet
  2 rime drakes (shapeshifter)
  A grey draconian zombie (Crypt:3)
  A red draconian zombie (Crypt:2)
  A pale draconian zombie (Crypt:3)
  9 komodo dragons
  A redback zombie (D:15)
  50 tormentors
  A golden dragon simulacrum (Tomb:3)
  A yaktaur (shapeshifter) (Vaults:2)
  A red draconian skeleton (Crypt:1)
  An iron troll zombie (Crypt:3)
  2 tengu conjurers (Depths:3)
  A silent spectre (Tar:7)
  32 hellwings
  40 demonic crawlers
  2 anaconda simulacra
  41 ice devils
  21 polar bears
  22 hydra zombies
  51 red devils
  2 wind drakes (shapeshifter)
  A catoblepas zombie (Tar:6)
  3 elf skeletons
  2 catoblepas skeletons
  A merfolk (shapeshifter) (WizLab)
  A queen bee (Abyss:4)
  2 queen bees (shapeshifter)
  4 trolls
  14 tyrant leeches
  30 guardian mummies
  6 harpy zombies
  23 jumping spiders
  2 meliai (shapeshifter)
  15 ancient zymes
  5 meliai (Abyss:4)
  Grinder (D:3)
  134 slime creatures
  A harpy skeleton (Pan)
  20 hornets
  A merfolk (D:10)
  2 raiju (shapeshifter)
  A wolf spider simulacrum (Crypt:3)
  A polar bear (shapeshifter) (WizLab)
  24 raiju
  A hornet (shapeshifter) (WizLab)
  9 ice dragon zombies
  12 bog bodies
  6 hydra skeletons
  4 fire dragon zombies
  8 alligator zombies
  A frost giant simulacrum (Tomb:1)
  23 blink frogs
  A guardian serpent zombie (Crypt:3)
  11 hippogriffs
  3 dream sheep (Lair:6)
  2 fire giant simulacra
  3 stone giant simulacra
  2 meliai zombies
  4 ettin zombies
  2 hippogriffs (shapeshifter) (WizLab)
  72 starcursed masses
  A shock serpent simulacrum (Hell)
  5 air elementals
  A black mamba zombie (Dis:7)
  6 spriggans
  2 ice dragon skeletons
  125 flying skulls
  83 redbacks
  2 alligator skeletons
  2 vampires (D:15)
  36 ynoxinuls
  A redback (shapeshifter) (D:14)
  26 tarantellas
  24 ushabtiu
  7 water elementals
  47 yaks
  31 shadows
  3 black mamba skeletons
  8 ettin skeletons
  6 fire dragon skeletons
  2 spriggans (shapeshifter)
  22 wraiths
  6 wyverns
  A tarantella (shapeshifter) (Vaults:5)
  24 fire elementals
  A tyrant leech zombie (Crypt:3)
  6 basilisks
  2 yaks (shapeshifter) (WizLab)
  2 humans (shapeshifter)
  A spriggan simulacrum (Depths:3)
  2 basilisks (shapeshifter) (WizLab)
  8 hungry ghosts
  Grum (D:8)
  A catoblepas simulacrum (Crypt:3)
  20 chaos spawn
  37 neqoxecs
  8 insubstantial wisps
  8 swamp worms
  26 vampire mosquitoes
  A yaktaur simulacrum (Vaults:2)
  A merfolk zombie (Coc:7)
  A naga (Abyss:3)
  A soldier ant (shapeshifter) (WizLab)
  3 spatial vortices (Abyss:4)
  11 spiny frog zombies
  An acid dragon (Zot:1)
  82 large abominations
  4 wargs
  6 floating eyes
  13 water moccasins
  A merfolk skeleton (Crypt:3)
  28 hell hounds
  9 snapping turtle zombies
  7 swamp drakes
  A faun skeleton (Crypt:1)
  30 orc warriors
  6 porcupines
  5 sky beasts
  3 alligator simulacra
  2 hornet zombies (D:15)
  9 eyes of draining
  14 ice beasts
  6 phantoms
  2 slaves (D:4)
  3 swamp dragon zombies
  A black bear (shapeshifter) (WizLab)
  3 spiny frog skeletons
  An ogre (shapeshifter) (Vaults:5)
  3 black bears
  An ettin simulacrum (Coc:7)
  26 necrophages
  25 ogres
  24 wolves
  4 manticore zombies
  A torpor snail zombie (Crypt:2)
  14 boggarts
  18 centaurs
  A swamp dragon skeleton (Coc:7)
  7 snapping turtle skeletons
  25 crocodiles
  An elephant skeleton (Crypt:2)
  A crocodile (shapeshifter) (Depths:2)
  22 bullfrogs
  6 big kobolds
  A big kobold (shapeshifter) (Elf:2)
  2 wyvern zombies
  4 earth elementals
  A warg zombie (Crypt:2)
  7 scorpions
  A wyvern skeleton (D:15)
  A manticore simulacrum (Coc:7)
  A spriggan zombie (Crypt:1)
  73 wights
  19 killer bees
  2 troll zombies
  An electric eel (Elf:3)
  2 howler monkeys (D:9)
  A wolf zombie (Crypt:1)
  10 centaur zombies
  13 crimson imps
  2 quasits (Abyss:3)
  6 jellies
  5 hounds
  5 centaur skeletons
  2 human zombies
  30 orc priests
  2 bullfrog skeletons
  25 iron imps
  3 human skeletons
  Terence (D:3)
  11 iguanas
  Natasha (D:2)
  28 orc wizards
  17 hell rats
  11 worker ants
  A naga zombie (Dis:1)
  8 ogre zombies
  A naga skeleton (Geh:1)
  A hound skeleton (D:5)
  58 mummies
  Robin (D:3)
  10 gnolls
  15 adders
  A scorpion zombie (Crypt:1)
  20 shadow imps
  32 white imps
  5 ufetubi
  2 oozes
  An adder skeleton (D:5)
  7 worms
  2 dart slugs
  8 leopard geckos
  99 orcs
  7 bats
  12 giant cockroaches
  22 goblins
  15 hobgoblins
  4 jackals (D:6)
  25 kobolds
  5 quokkas
  A ball python (D:3)
  15 frilled lizards
  3 goblin zombies (D:9)
  2 hobgoblin zombies (D:9)
  A jackal zombie (Crypt:3)
  A kobold skeleton (Tar:4)
  4 orc skeletons
  18 orc zombies
  A quokka skeleton (D:4)
  16 rats
  A briar patch (Swamp:4)
  2 crawling corpses (Elf:3)
  3 fire vortices
  A fungus (Lair:2)
  11 starspawn tentacles
  3 tentacles (Coc:7)
  3 withered plants (Crypt:3)
5676 creatures vanquished.

Vanquished Creatures (collateral kills)
  A skeletal warrior (Tomb:3)
1 creature vanquished.

Vanquished Creatures (others)
  An eldritch tentacle (Tomb:3)
  A fire giant (Depths:2)
  A great orb of eyes (Depths:2)
  4 yaktaur captains
  A centaur warrior (Depths:2)
  An ogre mage (Depths:1)
  A glowing orange brain (Pan)
  A large abomination (Abyss:1)
  A deep elf archer (Vaults:1)
  An orb spider (Spider:4)
  2 ugly things
  19 yaktaurs
  A raiju (Abyss:3)
  3 flying skulls
  A golden eye (Slime:4)
  2 slaves (D:4)
  2 boggarts
  2 small abominations
  A scorpion (D:4)
  A spriggan zombie (Geh:3)
  A crimson imp (Tar:2)
  A quasit (Depths:4)
  A human zombie (Dis:7)
  3 iron imps
  A gnoll (D:4)
  A white imp (Abyss:3)
  6 ball lightnings (Pan)
  2 orcs
  A hobgoblin (D:4)
  2 goblins (D:4)
  A demonic plant (Pan)
  6 fungi
  A lurking horror (Abyss:3)
  19 plants
  47 starspawn tentacles
  2 tentacles (Coc:7)
  3 withered plants (D:15)
145 creatures vanquished.

Grand Total: 5822 creatures vanquished

Notes
Turn   | Place    | Note
-------+----------+-------------------------------------------
     0 | D:1      | cada the Octopode Fighter began the quest for the Orb.
     0 | D:1      | Reached XP level 1. HP: 16/16 MP: 1/1
    92 | D:1      | Reached XP level 2. HP: 21/21 MP: 2/2
   698 | D:2      | Reached XP level 3. HP: 18/26 MP: 3/3
  1159 | D:2      | Noticed Natasha
  1164 | D:2      | Killed Natasha
  1164 | D:2      | Reached XP level 4. HP: 21/32 MP: 4/4
  1809 | D:3      | Noticed Terence
  1817 | D:3      | Killed Terence
  1817 | D:3      | Reached XP level 5. HP: 37/37 MP: 5/5
  2231 | D:3      | Found a sacrificial altar of Ru.
  2305 | D:3      | Found a basalt altar of Yredelemnul.
  2332 | D:3      | Reached XP level 6. HP: 41/43 MP: 6/6
  2341 | D:3      | Found a glowing golden altar of the Shining One.
  2341 | D:3      | Noticed Grinder
  2355 | D:3      | Killed Grinder
  2364 | D:3      | Noticed Robin
  2371 | D:2      | Reached XP level 7. HP: 33/48 MP: 7/7
  2377 | D:3      | Killed Robin
  2379 | D:3      | Reached skill level 5 in Long Blades
  3158 | D:4      | Noticed Pikel
  3177 | D:4      | Killed Pikel
  3177 | D:4      | Reached skill level 5 in Shields
  3177 | D:4      | Reached XP level 8. HP: 35/54 MP: 8/8
  3814 | D:4      | Reached skill level 5 in Fighting
  4659 | D:5      | Entered Level 5 of the Dungeon
  4716 | D:5      | Found a stormy altar of Qazlal.
  4817 | D:5      | Found a stormy altar of Qazlal.
  5134 | D:5      | Reached skill level 5 in Dodging
  5134 | D:5      | Reached XP level 9. HP: 58/61 MP: 9/9
  5641 | D:5      | Found a staircase to the Ecumenical Temple.
  5682 | Temple   | Entered the Ecumenical Temple
  5745 | Temple   | Became a worshipper of Warmaster Okawaru
  6090 | D:5      | Reached skill level 1 in Invocations
  6960 | D:6      | Found the +3 Elemental Staff {rElec rF++ rC++ MR++ AC+5}
  6961 | D:6      | Found a shattered altar of Ashenzari.
  7017 | D:6      | Reached skill level 1 in Evocations
  7586 | D:6      | Reached skill level 1 in Staves
  7644 | D:7      | Reached * piety under Okawaru
  7644 | D:7      | Reached XP level 10. HP: 68/68 MP: 12/12
  8097 | D:7      | Found an ancient bone altar of Kikubaaqudgha.
  8105 | D:7      | Noticed a cyclops
  8163 | D:7      | Killed a cyclops
  8163 | D:7      | Reached ** piety under Okawaru
  8437 | D:8      | Reached skill level 5 in Evocations
  8567 | D:8      | Found a staircase to the Lair.
  8582 | D:8      | Noticed Grum
  8610 | D:8      | Killed Grum
  8615 | D:8      | Noticed Psyche
  8689 | D:8      | Reached *** piety under Okawaru
  8815 | D:8      | Killed Psyche
  8815 | D:8      | Reached XP level 11. HP: 44/73 MP: 12/15
  8926 | D:8      | Found a glowing golden altar of the Shining One.
  8928 | D:8      | Found a blossoming altar of Fedhas.
  8928 | D:8      | Found a blossoming altar of Fedhas.
  8941 | D:8      | Found a white marble altar of Elyvilon.
  8941 | D:8      | Found a shimmering altar of Xom.
  8941 | D:8      | Found an ancient bone altar of Kikubaaqudgha.
  9340 | D:9      | Reached skill level 5 in Invocations
  9351 | D:9      | Found a staircase to the Orcish Mines.
  9585 | D:9      | Noticed a two-headed ogre
  9590 | D:9      | Killed a two-headed ogre
  9607 | D:9      | Got a warped spear
  9608 | D:9      | Identified the cursed +1 spear of Reomox {speed, rElec}
                  | (You found it on level 9 of the Dungeon)
  9785 | D:9      | Found a snail-covered altar of Cheibriados.
 10099 | D:9      | Noticed a moth of wrath
 10102 | D:9      | Found a bloodstained altar of Trog.
 10181 | D:10     | Entered Level 10 of the Dungeon
 10211 | D:10     | Found a huge runed translucent gate.
 10211 | D:10     | Found a huge runed translucent gate.
 10211 | D:10     | Found a huge runed translucent gate.
 10211 | D:10     | Found a huge runed translucent gate.
 10211 | D:10     | Noticed a manticore
 10212 | D:10     | Noticed a death yak
 10406 | D:10     | Reached skill level 10 in Long Blades
 10466 | D:10     | Reached **** piety under Okawaru
 10763 | D:10     | Killed an unseen horror
 11343 | D:11     | Noticed a purple ugly thing
 12065 | D:12     | Noticed a deep elf mage
 12079 | D:12     | Killed a deep elf mage
 12284 | D:12     | Noticed a green ugly thing
 12296 | D:12     | Killed a green ugly thing
 12369 | D:12     | Reached XP level 12. HP: 74/81 MP: 17/17
 12496 | Lair:1   | Entered Level 1 of the Lair of Beasts
 12677 | Lair:1   | Reached ***** piety under Okawaru
 13567 | Lair:2   | Found a hole to the Spider Nest.
 13623 | Lair:2   | Received a gift from Okawaru
 13744 | Lair:2   | Reached skill level 10 in Shields
 14562 | Lair:3   | Reached XP level 13. HP: 61/88 MP: 18/18
 15707 | Lair:4   | Learned a level 2 spell: Song of Slaying
 15794 | Lair:4   | Found a frozen archway.
 15814 | IceCv    | Entered an ice cave
 15886 | IceCv    | Reached skill level 1 in Charms
 16130 | IceCv    | Noticed a frost giant
 16140 | IceCv    | Killed a frost giant
 16140 | IceCv    | Received a gift from Okawaru
 16140 | IceCv    | Reached skill level 1 in Spellcasting
 16685 | Lair:4   | Found a staircase to the Swamp.
 17196 | Lair:5   | Noticed Snorg
 17253 | Lair:4   | Killed Snorg
 17255 | Lair:4   | Reached ****** piety under Okawaru
 17260 | Lair:4   | Reached XP level 14. HP: 48/95 MP: 20/20
 17401 | Lair:5   | Received a gift from Okawaru
 17402 | Lair:5   | Found the +10 large shield of Ignorance {rN+ Int-4}
 18096 | Lair:6   | Entered Level 6 of the Lair of Beasts
 18171 | Lair:6   | Learned a level 3 spell: Regeneration
 18283 | Lair:6   | Reached skill level 10 in Dodging
 18291 | Lair:6   | Reached skill level 1 in Necromancy
 18792 | Lair:6   | Found a staircase to the Slime Pits.
 18806 | Lair:6   | Paralysed by a hornet for 1 turns
 18859 | Lair:6   | Found a runed translucent door.
 19058 | Lair:6   | Received a gift from Okawaru
 19061 | Lair:6   | Got a faintly humming shield {god gift}
 19072 | Lair:6   | Identified the +0 shield of Narcissism {Dex+3} (Okawaru
                  | gifted it to you on level 6 of the Lair of Beasts)
 19174 | Lair:6   | Reached XP level 15. HP: 90/101 MP: 19/22
 20356 | Orc:1    | Entered Level 1 of the Orcish Mines
 20382 | Orc:1    | Noticed an orc warlord
 20586 | Orc:1    | Killed an orc warlord
 20590 | Orc:1    | Reached skill level 10 in Invocations
 20753 | Orc:2    | Entered Level 2 of the Orcish Mines
 20784 | Orc:2    | Reached skill level 5 in Charms
 20804 | Orc:2    | Found an iron altar of Okawaru.
 20855 | Orc:2    | Found a staircase to the Elven Halls.
 20929 | Orc:2    | Found Udoadil's Magic Scroll Shoppe.
 20968 | Orc:2    | Received a gift from Okawaru
 20976 | Orc:2    | Found Lothazim's Armour Shop.
 21187 | Orc:2    | Reached skill level 15 in Long Blades
 21212 | Orc:2    | Found Veniejyit's Gadget Shop.
 21216 | Orc:2    | Found Keproaty's General Store.
 21243 | Orc:2    | Bought a scroll of acquirement for 676 gold pieces
 21247 | Orc:2    | Got a faintly glowing brass ring
 21249 | Orc:2    | Identified the ring of Ashribiorgh {Wiz rC- Str+4 Int+3}
                  | (You acquired it on level 2 of the Orcish Mines)
 21284 | Orc:2    | Bought the ring "Woirgh" {rF+ Str+2} for 470 gold pieces
 21488 | Orc:2    | Found Xotruk's Antique Weapon Boutique.
 21516 | Orc:2    | Found Hain's General Store.
 22382 | D:13     | Reached skill level 5 in Spellcasting
 22691 | D:14     | Found a blossoming altar of Fedhas.
 22895 | D:14     | Noticed Roxanne
 22906 | D:14     | Killed Roxanne
 22920 | D:14     | Learned a level 6 spell: Statue Form
 22968 | D:14     | Found a gate to the Vaults.
 22998 | D:14     | Received a gift from Okawaru
 22998 | D:14     | Reached skill level 1 in Transmutations
 23001 | D:14     | Got a faintly humming shield {god gift}
 23013 | D:14     | Identified the -4 shield of Totuk {rF+ rC- Str+2 Slay+2}
                  | (Okawaru gifted it to you on level 14 of the Dungeon)
 23021 | D:14     | Reached XP level 16. HP: 57/109 MP: 23/23
 23431 | D:14     | Reached skill level 1 in Earth Magic
 23810 | D:14     | Reached skill level 10 in Fighting
 23861 | D:14     | Noticed Rupert
 23868 | D:14     | Killed Rupert
 23906 | D:15     | Entered Level 15 of the Dungeon
 25232 | D:15     | Received a gift from Okawaru
 25603 | D:15     | Found a staircase to the Depths.
 25838 | Depths:1 | Entered Level 1 of the Depths
 26066 | Spider:1 | Entered Level 1 of the Spider Nest
 26078 | Spider:1 | Received a gift from Okawaru
 26211 | Spider:1 | Reached XP level 17. HP: 44/116 MP: 26/26
 26800 | Spider:1 | Found a transporter.
 27113 | Spider:1 | Found a transporter.
 27366 | Spider:1 | Got a fine hat
 27386 | Spider:1 | Identified the Incunabulum of the Traveller and the
                  | Frostbite
 27404 | Spider:1 | Identified the +1 hat of the Mackerel {Str+3 Int+2 Dex-3
                  | SInv} (You found it on level 1 of the Spider Nest)
 27646 | Spider:2 | Received a gift from Okawaru
 27787 | Spider:2 | Learned a level 2 spell: Blink
 28416 | Spider:3 | Noticed Aizul
 28441 | Spider:3 | Reached skill level 1 in Translocations
 28461 | Spider:3 | Killed Aizul
 28556 | Spider:3 | Reached skill level 5 in Transmutations
 29067 | Spider:3 | Received a gift from Okawaru
 29087 | Spider:3 | Identified the +4 trident of No Interval {freeze, Int+6}
                  | (You found it on level 3 of the Spider Nest)
 29183 | Spider:4 | Entered Level 4 of the Spider Nest
 29756 | Spider:3 | Reached skill level 5 in Earth Magic
 30545 | Spider:4 | Reached XP level 18. HP: 106/124 MP: 28/28
 31368 | Spider:4 | Received a gift from Okawaru
 32017 | Spider:4 | Got a gossamer rune of Zot
 32497 | Vaults:1 | Entered Level 1 of the Vaults
 32677 | Vaults:1 | Found Dyvvuaho's General Store.
 32687 | Vaults:1 | Found Atagow's Antique Weapon Emporium.
 32705 | Vaults:1 | Found Efafo's Gadget Shop.
 32706 | Vaults:1 | Found Tysoefoz's Gadget Emporium.
 33129 | Vaults:1 | Identified the Collected Works on Enthralling Summoning
 33544 | Vaults:1 | Found Vaiczitzi's Antique Armour Shop.
 34178 | Depths:1 | Noticed Sojobo
 34197 | Depths:1 | Found a gateway to Hell.
 34212 | Depths:1 | Reached XP level 19. HP: 121/129 MP: 31/31
 34217 | Depths:1 | Received a gift from Okawaru
 34221 | Depths:1 | Identified the +1 buckler of the Butterfly {rN+ Dex+4}
                  | (Okawaru gifted it to you on level 1 of the Depths)
 35124 | Depths:1 | Killed Sojobo
 37198 | Depths:2 | Noticed a caustic shrike
 37608 | Depths:1 | HP: 4/129 [acid (8)]
 37829 | Depths:1 | Reached skill level 10 in Spellcasting
 38294 | Swamp:1  | Entered Level 1 of the Swamp
 38980 | Swamp:2  | Received a gift from Okawaru
 39876 | Swamp:3  | Reached XP level 20. HP: 136/136 MP: 32/34
 40223 | Swamp:4  | Entered Level 4 of the Swamp
 40247 | Swamp:4  | Reached skill level 10 in Transmutations
 40400 | Swamp:4  | Noticed the 27-headed Lernaean hydra
 40730 | Elf:1    | Entered Level 1 of the Elven Halls
 41444 | Elf:1    | Noticed Frances
 41454 | Elf:1    | Reached skill level 10 in Earth Magic
 41460 | Elf:1    | Killed Frances
 41596 | Elf:2    | Found Jeirano's Jewellery Shop.
 41635 | Elf:2    | Found Xacsu's Armour Shoppe.
 41676 | Elf:2    | Found a flickering gateway to a bazaar.
 41683 | Bazaar   | Entered a bazaar
 41705 | Bazaar   | Found Wiefes's Antique Weapon Shoppe.
 41732 | Bazaar   | Found Joej's Antique Weapon Emporium.
 41763 | Bazaar   | Found Mablehib's Antique Armour Shop.
 41805 | Bazaar   | Found Meojirru's Antique Weapon Emporium.
 41851 | Bazaar   | Bought a steaming falchion for 160 gold pieces
 41851 | Bazaar   | Identified the +4 falchion of the Moon {holy, Str+3 Int+2
                  | Dex+2} (You bought it in a shop in a bazaar)
 41918 | Elf:2    | Found Zacrymmoe's Distillery.
 41963 | Elf:2    | Found Weoviyt's Assorted Antiques.
 42104 | Elf:2    | Received a gift from Okawaru
 42344 | Elf:2    | Found a runed translucent gate.
 42344 | Elf:2    | Found a runed translucent gate.
 42345 | Elf:2    | Found a runed translucent gate.
 42882 | Elf:3    | Entered Level 3 of the Elven Halls
 43064 | Elf:3    | Reached skill level 15 in Shields
 43064 | Elf:3    | Reached XP level 21. HP: 144/144 MP: 34/36
 43065 | Elf:3    | Cast into level 3 of the Abyss (a deep elf demonologist)
 43123 | Elf:3    | Escaped the Abyss
 43142 | Elf:3    | Received a gift from Okawaru
 43498 | Elf:3    | Got a slimy steel ring
 43500 | Elf:3    | Identified the cursed ring "Gaohipy" {*Contam rF+++ Str-3
                  | Int+4} (You found it on level 3 of the Elven Halls)
 43509 | Elf:3    | Identified the Papyrus of the Rocks
 43515 | Elf:3    | Identified the ring "Hepnoe" {rCorr Int+2 Dex+2} (You found
                  | it on level 3 of the Elven Halls)
 43548 | Elf:3    | Identified the +6 scimitar of Hyip {slice, *Rage Dex+3}
                  | (You found it on level 3 of the Elven Halls)
 43551 | Elf:3    | Identified the ring "Citrev" {rElec rPois rC++ Dex+3} (You
                  | found it on level 3 of the Elven Halls)
 43570 | Elf:3    | Got a scorched silver ring
 43572 | Elf:3    | Identified the ring of the Sun {*Tele rF+} (You found it on
                  | level 3 of the Elven Halls)
 43603 | Elf:3    | Got a crude falchion
 43858 | Elf:3    | Received a gift from Okawaru
 43867 | Elf:3    | Got a transparent long sword {god gift}
 44007 | Elf:3    | Identified the Catalogue of the Cloudy Mountains
 44242 | Elf:3    | Found a large runed translucent door.
 44242 | Elf:3    | Found a large runed translucent door.
 44252 | Elf:3    | Noticed raetorn's ghost (adept DgCj)
 44264 | Elf:3    | Killed raetorn's ghost
 44809 | Depths:2 | HP: 7/187 [deep elf high priest/damnation (39)]
 44903 | Depths:2 | Paralysed by a sphinx for 2 turns
 44907 | Depths:2 | Received a gift from Okawaru
 44910 | Depths:2 | Got a fine long sword {god gift}
 44914 | Depths:2 | Identified the +1 long sword of the Fox {venom, Str+8
                  | Dex+3} (Okawaru gifted it to you on level 2 of the Depths)
 44915 | Depths:2 | Identified the +4 long sword "Vorawk" {speed, rPois Str+2}
                  | (Okawaru gifted it to you on level 3 of the Elven Halls)
 44916 | Depths:2 | Identified the +10 falchion "Xodycahoes" {freeze, Str+4
                  | Int+2 SInv Stlth+} (You found it on level 3 of the Elven
                  | Halls)
 45003 | Depths:2 | Noticed a juggernaut
 45016 | Depths:2 | Noticed an ancient lich
 45025 | Depths:2 | Noticed Asterion
 45032 | Depths:2 | Killed a juggernaut
 45053 | Depths:2 | Killed an ancient lich
 45053 | Depths:2 | Received a gift from Okawaru
 45053 | Depths:2 | Reached XP level 22. HP: 125/152 MP: 28/38
 45060 | Depths:2 | Reached skill level 15 in Dodging
 45092 | Depths:2 | Killed Asterion
 45141 | Depths:2 | Noticed a golden dragon
 45150 | Depths:2 | Killed a golden dragon
 46261 | Depths:3 | Found a gateway to a ziggurat.
 46517 | Depths:3 | Found a one-way gate to the infinite horrors of the Abyss.
 46661 | Depths:3 | Found a one-way gate leading to the halls of Pandemonium.
 47133 | Vaults:2 | Found a glowing golden altar of the Shining One.
 47169 | Vaults:2 | Found a magical portal.
 47180 | WizLab   | Entered Cigotuvi's Fleshworks
 47276 | WizLab   | Paralysed by a floating eye for 4 turns
 47573 | WizLab   | Received a gift from Okawaru
 47576 | WizLab   | Identified the +4 falchion of Truth {holy, +Inv} (Okawaru
                  | gifted it to you in a wizard's laboratory)
 47616 | WizLab   | Reached XP level 23. HP: 161/161 MP: 40/40
 47634 | WizLab   | Paralysed by a floating eye for 2 turns
 47718 | WizLab   | Found the -2 hat of the Alchemist {rElec rPois rF+ rC+ rN+
                  | MR+ rMut rCorr}
 47814 | WizLab   | Identified the Reference Book on Transmutation
 47822 | WizLab   | Identified Cigotuvi's Grimoire of Dark Transmigration
 48431 | Vaults:2 | Received a gift from Okawaru
 48821 | Vaults:2 | Noticed Mara
 48825 | Vaults:2 | Noticed cada's illusion
 48835 | Vaults:2 | Killed Mara
 48896 | Vaults:2 | Reached skill level 15 in Fighting
 49035 | Vaults:2 | Found a staircase to the Crypt.
 50043 | Vaults:3 | Reached skill level 1 in Stealth
 50058 | Vaults:3 | Reached XP level 24. HP: 170/170 MP: 40/40
 50564 | Vaults:3 | Received a gift from Okawaru
 50974 | Vaults:4 | Received a gift from Okawaru
 51471 | Vaults:4 | Reached skill level 5 in Stealth
 51986 | Vaults:5 | Entered Level 5 of the Vaults
 52135 | Vaults:5 | Received a gift from Okawaru
 52148 | Vaults:4 | Reached XP level 25. HP: 177/177 MP: 37/41
 52417 | Vaults:5 | Received a gift from Okawaru
 52420 | Vaults:5 | Identified the +2 hat of Viack {*Corrode rElec Int+3}
                  | (Okawaru gifted it to you on level 5 of the Vaults)
 52528 | Vaults:5 | Noticed an ancient lich
 52538 | Vaults:5 | Killed an ancient lich
 52675 | Vaults:5 | Identified the +1 broad axe of Dithmenos's Supremacy
                  | {protect, rElec Int+5 Dex+4}
 52675 | Vaults:5 | Identified the amulet of Wang {Harm *Drain rPois rF+ MR+}
 52894 | Vaults:5 | Learned a level 7 spell: Ring of Flames
 52971 | Vaults:5 | Identified the +8 lajatang "Conservator" {pain, +Fly Str+6
                  | Int+3}
 52977 | Vaults:5 | Reached skill level 1 in Fire Magic
 52977 | Vaults:5 | Identified the +2 trident "Etytyib" {vamp, rC+}
 52977 | Vaults:5 | Identified the ring of Worgh {Fire Str+4}
 53024 | Vaults:5 | Learned a level 8 spell: Controlled Blink
 53168 | Vaults:5 | Identified the +11 glaive "Mebes" {venom, +Fly rC- Str+2}
 53415 | Vaults:5 | Identified the ring "Ulipn" {EV+3 Int+4 Dex+4} (You found
                  | it on level 5 of the Vaults)
 53520 | Vaults:5 | Identified the +2 flail "Jeic" {flame, +Rage rPois Int+5
                  | Dex-4}
 53520 | Vaults:5 | Identified the ring "Xolyoloc" {Wiz rF+ Slay+3}
 53629 | Vaults:5 | Identified the Volume of Glacial Contamination
 53640 | Vaults:5 | Got a silver rune of Zot
 54251 | Swamp:4  | Got a decaying rune of Zot
 54625 | Depths:4 | Found Wuuxt's Book Shop.
 54642 | Depths:4 | Found Qyosof's Gadget Shoppe.
 54710 | Depths:4 | Received a gift from Okawaru
 54719 | Depths:4 | Reached XP level 26. HP: 186/186 MP: 41/41
 54753 | Depths:4 | Found a corrupted altar of Lugonu.
 54793 | Depths:4 | Received a gift from Okawaru
 54804 | Depths:4 | Reached skill level 10 in Stealth
 54817 | Depths:4 | Paralysed by a floating eye for 4 turns
 54825 | Depths:4 | Received a gift from Okawaru
 54832 | Depths:4 | Paralysed by a floating eye for 3 turns
 54843 | Depths:4 | Paralysed by a floating eye for 2 turns
 54853 | Depths:4 | Paralysed by a floating eye for 2 turns
 54868 | Depths:4 | Paralysed by a floating eye for 2 turns
 54878 | Depths:4 | Paralysed by a floating eye for 4 turns
 54888 | Depths:4 | Paralysed by a floating eye for 3 turns
 54937 | Depths:4 | Found Jauwk's Weapon Emporium.
 54941 | Depths:4 | Found a flickering gateway to a bazaar.
 54950 | Bazaar   | Entered a bazaar
 54950 | Bazaar   | Found Falypt's General Store.
 54950 | Bazaar   | Found Dehoceh's Weapon Shop.
 54950 | Bazaar   | Found Yhexuruo's Book Shoppe.
 54952 | Bazaar   | Found Aceracosty's General Store.
 55434 | Depths:4 | Got a smoking pewter ring
 55437 | Depths:4 | Identified the ring of the Disturbing Songs {Fire rN+} (You
                  | found it on level 4 of the Depths)
 55845 | Depths:5 | Entered Level 5 of the Depths
 55896 | Depths:4 | Got a shimmering falchion {god gift}
 55946 | Depths:5 | Received a gift from Okawaru
 56013 | Depths:5 | Reached skill level 15 in Spellcasting
 56069 | Depths:5 | Noticed Jory
 56074 | Depths:5 | Killed Jory
 56146 | Depths:5 | Received a gift from Okawaru
 56206 | Depths:5 | Found a runed translucent gate.
 56324 | Depths:5 | Found a runed translucent gate.
 56325 | Depths:5 | Found a runed translucent gate.
 56326 | Depths:5 | Noticed Ojoqaw's ghost (adept MiFi)
 56326 | Depths:5 | Noticed Ilais's ghost (adept MiFi)
 56328 | Depths:5 | Noticed Janua's ghost (adept DDFi)
 56479 | Depths:5 | Reached skill level 5 in Translocations
 56542 | Depths:5 | Identified the +6 falchion "Gimmonup" {slice, Dex+4}
                  | (Okawaru gifted it to you on level 4 of the Depths)
 56589 | Depths:5 | Reached skill level 5 in Fire Magic
 56636 | Depths:5 | Reached XP level 27. HP: 193/193 MP: 41/42
 56646 | Depths:5 | Found a gate to the Realm of Zot.
 56724 | Depths:5 | Killed Ilais's ghost
 56739 | Depths:5 | Killed Janua's ghost
 56747 | Depths:5 | Killed Ojoqaw's ghost
 56765 | Depths:5 | Got a wavering lead amulet
 56774 | Depths:5 | Identified the amulet of Tomorrow {Acrobat *Slow Int+6 SInv
                  | Stlth+} (You found it on level 5 of the Depths)
 56857 | Depths:4 | Voluntarily entered the Abyss.
 56882 | Abyss:2  | Found a sacrificial altar of Ru.
 57149 | Abyss:2  | Received a gift from Okawaru
 57766 | Abyss:3  | Paralysed by accursed screaming for 2 turns
 57834 | Abyss:3  | Paralysed by accursed screaming for 1 turns
 57954 | Abyss:3  | Gained mutation: Your spells are a little easier to cast,
                  | but a little less powerful. [a neqoxec]
 57960 | Abyss:3  | Paralysed by accursed screaming for 1 turns
 57972 | Abyss:3  | Paralysed by accursed screaming for 2 turns
 57977 | Abyss:3  | Paralysed by accursed screaming for 2 turns
 57978 | Abyss:3  | HP: 1/253 [large abomination (27)]
 58421 | Abyss:3  | Received a gift from Okawaru
 58426 | Abyss:3  | Got a heavily runed large shield {god gift}
 58453 | Abyss:3  | Identified the -9 large shield of the Foremost Eyes {rN+
                  | Int+3} (Okawaru gifted it to you on level 3 of the Abyss)
 58689 | Abyss:4  | Found a corrupted altar of Lugonu.
 58702 | Abyss:4  | Got a scorched tin amulet
 58708 | Abyss:4  | Identified the amulet "Weimugg" {Spirit Str+4} (You
                  | acquired it on level 4 of the Abyss)
 58820 | Abyss:4  | Got an abyssal rune of Zot
 58842 | Abyss:4  | Gained mutation: You are weak. (Str -2) [a neqoxec]
 59001 | Depths:4 | Escaped the Abyss
 59012 | Depths:4 | Lost mutation: Your spells are a little easier to cast, but
                  | a little less powerful. [potion of mutation]
 59012 | Depths:4 | Lost mutation: You are weak. (Str -2) [potion of mutation]
 59012 | Depths:4 | Gained mutation: You are robust. (+10% HP) [potion of
                  | mutation]
 59012 | Depths:4 | Gained mutation: You possess an exceptional clarity of
                  | mind. [potion of mutation]
 59202 | Crypt:1  | Entered Level 1 of the Crypt
 59504 | Crypt:1  | Noticed Mennas
 59516 | Crypt:1  | Killed Mennas
 60706 | Crypt:3  | Entered Level 3 of the Crypt
 60827 | Crypt:3  | Noticed Boris
 60834 | Crypt:3  | Killed Boris
 60834 | Crypt:3  | Received a gift from Okawaru
 61162 | Crypt:3  | Found a staircase to the Tomb.
 61321 | Crypt:3  | Got a clouded glass ring
 61331 | Crypt:3  | Got a translucent platinum ring
 61331 | Crypt:3  | Got a shimmering ivory ring
 61335 | Crypt:3  | Identified the ring "Osoaraudapn" {+Inv rPois rF+ rN+
                  | Dex-4} (You found it on level 3 of the Crypt)
 61337 | Crypt:3  | Identified the ring of Poeqeudd {rN+ Int+3} (You found it
                  | on level 3 of the Crypt)
 61339 | Crypt:3  | Identified the ring "Qyh Gugh" {rF++ rN+ MR+} (You found it
                  | on level 3 of the Crypt)
 61387 | Crypt:3  | Found the +8 demon blade "Leech" {vamp, rN+ AC-3 EV-3}
 61603 | Crypt:3  | Received a gift from Okawaru
 61737 | Crypt:3  | Identified Moczaj's Papyrus of the Captivating Frostbite
 62386 | Slime:1  | Entered Level 1 of the Pits of Slime
 62765 | Slime:2  | Gained mutation: You occasionally shout uncontrollably at
                  | your foes. [a shining eye]
 63171 | Slime:5  | Entered Level 5 of the Pits of Slime
 63181 | Slime:5  | Reached skill level 10 in Charms
 63340 | Slime:5  | Paralysed by a floating eye for 3 turns
 63542 | Slime:5  | Noticed the Royal Jelly
 63552 | Slime:4  | Received a gift from Okawaru
 63555 | Slime:4  | Got a heavily runed shield {god gift}
 63567 | Slime:4  | Identified the +5 shield of Calculation {+Blink rF+ Str+3
                  | Stlth-} (Okawaru gifted it to you on level 4 of the Pits of
                  | Slime)
 63581 | Slime:5  | Killed the Royal Jelly
 63896 | Slime:5  | Lost mutation: You are robust. (+10% HP) [a shining eye]
 63932 | Slime:5  | Noticed Dissolution
 64016 | Slime:5  | Killed Dissolution
 64069 | Slime:5  | Got a smoking amber ring
 64071 | Slime:5  | Got a slimy rune of Zot
 64173 | Slime:5  | Identified the Papyrus of Curses
 64196 | Slime:5  | Identified the ring of Kimari {rPois Str+9 Int-3 Stlth-}
                  | (You found it on level 5 of the Pits of Slime)
 64205 | Slime:5  | Got a faintly glowing turquoise ring
 64206 | Slime:5  | Identified the ring "Goxoffaw" {Fire *Slow Int-5 Dex+8
                  | SInv} (You found it on level 5 of the Pits of Slime)
 64255 | Slime:5  | Learned a level 5 spell: Silence
 64265 | Slime:5  | Learned a level 9 spell: Shatter
 65022 | Pan      | Entered Pandemonium
 65072 | Pan      | Found a runed translucent door.
 65083 | Pan      | Found a runed translucent door.
 65087 | Pan      | Found a runed translucent door.
 65092 | Pan      | Found a runed translucent door.
 65104 | Pan      | Gained mutation: Your spells are a little harder to cast,
                  | but a little more powerful. [a cacodemon]
 65125 | Pan      | Noticed Ablos the pandemonium lord
 65130 | Pan      | Killed Ablos the pandemonium lord
 66066 | Pan      | Received a gift from Okawaru
 66333 | Pan      | Noticed Nufiwkem the pandemonium lord
 66344 | Pan      | Killed Nufiwkem the pandemonium lord
 66718 | Pan      | Identified Sif Muna's Reference Book on Venom and Shape
                  | Shifting
 66763 | Pan      | Got a demonic rune of Zot
 66966 | Pan      | Learned a level 5 spell: Aura of Abjuration
 66988 | Pan      | Reached skill level 10 in Translocations
 67112 | Pan      | Received a gift from Okawaru
 67124 | Pan      | Got a clouded granite ring
 67126 | Pan      | Identified the ring of the Commoners {Wiz +Fly rN+ Slay-3}
                  | (You acquired it in Pandemonium)
 67166 | Pan      | Reached skill level 10 in Fire Magic
 67214 | Pan      | Noticed Qoumaub the pandemonium lord
 67225 | Pan      | Killed Qoumaub the pandemonium lord
 67230 | Pan      | Gained mutation: You sometimes yell uncontrollably at your
                  | foes. [a cacodemon]
 67970 | Pan      | Received a gift from Okawaru
 68491 | Pan      | Noticed Quorch the pandemonium lord
 68681 | Pan      | Killed Quorch the pandemonium lord
 69306 | Pan      | Identified the cursed +2 arbalest of Iconoclasm {velocity,
                  | Str+2}
 69396 | Pan      | Entered the realm of Cerebov.
 69670 | Pan      | Identified the +6 sword of Cerebov {flame}
 69670 | Pan      | Noticed Cerebov
 69681 | Pan      | Killed Cerebov
 69681 | Pan      | Received a gift from Okawaru
 69731 | Pan      | Identified the +4 dagger of Urgency {pain, rElec} (You
                  | found it in Pandemonium)
 69764 | Pan      | Identified the Disquisition on Dark Shape Shifting
 69945 | Pan      | Got a fiery rune of Zot
 70263 | Pan      | Received a gift from Okawaru
 70747 | Pan      | Entered the realm of Lom Lobon.
 71150 | Pan      | Noticed Lom Lobon
 71160 | Pan      | Killed Lom Lobon
 71170 | Pan      | Got a magical rune of Zot
 71775 | Pan      | Found an exit through the horrors of the Abyss.
 71841 | Pan      | Entered the realm of Mnoleg.
 72009 | Pan      | Received a gift from Okawaru
 72013 | Pan      | Identified the +2 hat of Okawaru's Approval {rF++} (Okawaru
                  | gifted it to you in Pandemonium)
 72031 | Pan      | Noticed Mnoleg
 72038 | Pan      | Killed Mnoleg
 72038 | Pan      | Reached skill level 1 in Summonings
 72124 | Pan      | Got a glowing rune of Zot
 72320 | Pan      | Gained mutation: You frequently scream uncontrollably at
                  | your foes. [a cacodemon]
 72609 | Pan      | Gained mutation: Your body sometimes deteriorates upon
                  | taking damage. [a neqoxec]
 72613 | Pan      | Gained mutation: You are frail. (-10% HP) [a cacodemon]
 72620 | Pan      | Gained mutation: You are weak. (Str -2) [a shining eye]
 72625 | Pan      | Gained mutation: Scrolls take you a little longer to read.
                  | [a shining eye]
 72734 | Pan      | Lost mutation: You are frail. (-10% HP) [potion of
                  | mutation]
 72734 | Pan      | Lost mutation: Scrolls take you a little longer to read.
                  | [potion of mutation]
 72734 | Pan      | Lost mutation: You possess an exceptional clarity of mind.
                  | [potion of mutation]
 72734 | Pan      | Lost mutation: Your body sometimes deteriorates upon taking
                  | damage. [potion of mutation]
 72734 | Pan      | Gained mutation: You are dopey. (Int -2) [potion of
                  | mutation]
 72734 | Pan      | Gained mutation: You are agile. (Dex +2) [potion of
                  | mutation]
 72735 | Pan      | Lost mutation: You are agile. (Dex +2) [potion of mutation]
 72735 | Pan      | Lost mutation: Your spells are a little harder to cast, but
                  | a little more powerful. [potion of mutation]
 72735 | Pan      | Gained mutation: You are agile. (Dex +2) [potion of
                  | mutation]
 72735 | Pan      | Lost mutation: You are weak. (Str -2) [potion of mutation]
 72736 | Pan      | Lost mutation: You frequently scream uncontrollably at your
                  | foes. [potion of mutation]
 72736 | Pan      | Lost mutation: You are dopey. (Int -2) [potion of mutation]
 72736 | Pan      | Lost mutation: You sometimes yell uncontrollably at your
                  | foes. [potion of mutation]
 72736 | Pan      | Gained mutation: Your mind is acute. (Int +2) [potion of
                  | mutation]
 72736 | Pan      | Gained mutation: You expend magic power (3 MP) to
                  | strengthen your wands. [potion of mutation]
 72736 | Pan      | Gained mutation: Your spells are a little harder to cast,
                  | but a little more powerful. [potion of mutation]
 73001 | Pan      | Entered the realm of Gloorx Vloq.
 73085 | Pan      | Received a gift from Okawaru
 73141 | Pan      | Noticed Gloorx Vloq
 73151 | Pan      | Killed Gloorx Vloq
 73163 | Pan      | Got a dark rune of Zot
 74128 | Pan      | Reached skill level 5 in Summonings
 74834 | Pan      | Noticed Tuizocik the pandemonium lord
 74845 | Pan      | Killed Tuizocik the pandemonium lord
 74865 | Pan      | Identified the +3 long sword of Imminent Death {flame,
                  | *Corrode +Rage +Fly rC+++} (You found it in Pandemonium)
 74898 | Pan      | Found an exit through the horrors of the Abyss.
 75217 | Pan      | Took an exit into the Abyss.
 75217 | Abyss:1  | Escaped into the Abyss
 75217 | Abyss:1  | Noticed an ancient lich
 75221 | Abyss:1  | Killed an ancient lich
 75221 | Abyss:1  | Received a gift from Okawaru
 75245 | Abyss:1  | Paralysed by accursed screaming for 1 turns
 75251 | Abyss:1  | Paralysed by accursed screaming for 2 turns
 75268 | Abyss:1  | Paralysed by accursed screaming for 2 turns
 75274 | Abyss:1  | Paralysed by accursed screaming for 2 turns
 75289 | Abyss:1  | Found a corrupted altar of Lugonu.
 75373 | Depths:3 | Escaped the Abyss
 75649 | Tomb:1   | Entered Level 1 of the Tomb of the Ancients
 75954 | Tomb:1   | Noticed a greater mummy
 75964 | Tomb:1   | Killed a greater mummy
 75964 | Tomb:1   | Received a gift from Okawaru
 75994 | Tomb:1   | Noticed Boris
 76009 | Tomb:1   | Killed Boris
 76028 | Tomb:1   | Noticed a greater mummy
 76034 | Tomb:1   | Killed a greater mummy
 76569 | Hell     | Entered the Vestibule of Hell
 76569 | Hell     | Noticed Geryon
 76579 | Hell     | Killed Geryon
 76829 | Hell     | Found a gateway to the decaying netherworld of Tartarus.
 76942 | Hell     | Found a gateway to the freezing wastes of Cocytus.
 77019 | Hell     | Found a gateway to the Iron City of Dis.
 77072 | Hell     | Found a gateway to the ashen valley of Gehenna.
 77169 | Geh:1    | Entered Level 1 of Gehenna
 77366 | Geh:3    | Received a gift from Okawaru
 77383 | Geh:3    | Identified the +0 hat of Lemib {*Contam Str+5 Dex+4}
                  | (Okawaru gifted it to you on level 3 of Gehenna)
 77546 | Geh:3    | Found a huge runed gate.
 77546 | Geh:3    | Found a huge runed gate.
 77546 | Geh:3    | Found a huge runed gate.
 77873 | Geh:7    | Entered Level 7 of Gehenna
 78006 | Geh:7    | Received a gift from Okawaru
 78009 | Geh:7    | Identified the +6 large shield of Indecent Exposure {Slay+2
                  | Stlth+} (Okawaru gifted it to you on level 7 of Gehenna)
 78199 | Geh:7    | Noticed the Serpent of Hell
 78216 | Geh:7    | Killed the Serpent of Hell
 78389 | Geh:7    | Identified the +7 sceptre of Asmodeus
 78389 | Geh:7    | Noticed Asmodeus
 78416 | Geh:7    | Killed Asmodeus
 78517 | Geh:7    | Found the ring of Robustness {AC+8}
 78606 | Geh:7    | Got a slimy steel amulet
 78617 | Geh:7    | Got an obsidian rune of Zot
 78624 | Geh:7    | Identified the amulet of Keroup {Spirit *Corrode +Blink
                  | rC++ Slay+4} (You found it on level 7 of Gehenna)
 79207 | Dis:1    | Entered Level 1 of the Iron City of Dis
 79652 | Dis:1    | Received a gift from Okawaru
 79909 | Dis:2    | Reached skill level 27 in Shields
 81027 | Dis:6    | Received a gift from Okawaru
 81130 | Dis:6    | Reached skill level 15 in Translocations
 81153 | Dis:7    | Entered Level 7 of the Iron City of Dis
 81512 | Dis:7    | Received a gift from Okawaru
 81517 | Dis:7    | Got a spiked hat {god gift}
 81816 | Dis:7    | Identified the +4 staff of Dispater
 81816 | Dis:7    | Noticed Dispater
 81835 | Dis:7    | Killed Dispater
 81881 | Dis:7    | Found the +5 robe of Night {Dark MR+ SInv}
 81887 | Dis:7    | Identified An Early Guide to the Arcane Arts
 81938 | Dis:7    | Identified the +0 hat of the Harp {rN+} (Okawaru gifted it
                  | to you on level 7 of the Iron City of Dis)
 81944 | Dis:7    | Got a brightly glowing bone ring
 81947 | Dis:7    | Identified the ring of New Discoveries {+Fly rF+ rN+ Str+3
                  | Int-3} (You found it on level 7 of the Iron City of Dis)
 81954 | Dis:7    | Got an iron rune of Zot
 82258 | Tar:1    | Entered Level 1 of Tartarus
 82336 | Tar:1    | Received a gift from Okawaru
 82340 | Tar:1    | Got a distressingly furry large shield {god gift}
 82348 | Tar:1    | Lost mutation: You are agile. (Dex +2) [mutagenic glow]
 82351 | Tar:1    | Identified the +5 large shield of Ogyh {SInv} (Okawaru
                  | gifted it to you on level 1 of Tartarus)
 82380 | Tar:1    | Gained mutation: Your magical capacity is low. (-10% MP)
                  | [mutagenic glow]
 82392 | Tar:1    | Reached skill level 1 in Air Magic
 82435 | Tar:1    | Lost mutation: Your mind is acute. (Int +2) [potion of
                  | mutation]
 82435 | Tar:1    | Lost mutation: You occasionally shout uncontrollably at
                  | your foes. [potion of mutation]
 82435 | Tar:1    | Lost mutation: You expend magic power (3 MP) to strengthen
                  | your wands. [potion of mutation]
 82435 | Tar:1    | Lost mutation: Your spells are a little harder to cast, but
                  | a little more powerful. [potion of mutation]
 82435 | Tar:1    | Gained mutation: You are covered in fur. (AC +1) [potion of
                  | mutation]
 82435 | Tar:1    | Gained mutation: You are surrounded by a mild repulsion
                  | field. (EV +2) [potion of mutation]
 82436 | Tar:1    | Lost mutation: Your magical capacity is low. (-10% MP)
                  | [potion of mutation]
 82436 | Tar:1    | Lost mutation: You are covered in fur. (AC +1) [potion of
                  | mutation]
 82436 | Tar:1    | Gained mutation: You tend to lose your temper in combat.
                  | [potion of mutation]
 82436 | Tar:1    | Gained mutation: You can translocate small distances at
                  | will. [potion of mutation]
 82437 | Tar:1    | Lost mutation: You can translocate small distances at will.
                  | [potion of mutation]
 82437 | Tar:1    | Gained mutation: Scrolls take you a little longer to read.
                  | [potion of mutation]
 82437 | Tar:1    | Gained mutation: You are robust. (+10% HP) [potion of
                  | mutation]
 82438 | Tar:1    | Lost mutation: You are robust. (+10% HP) [potion of
                  | mutation]
 82438 | Tar:1    | Lost mutation: Scrolls take you a little longer to read.
                  | [potion of mutation]
 82438 | Tar:1    | Gained mutation: Your spells are a little harder to cast,
                  | but a little more powerful. [potion of mutation]
 82438 | Tar:1    | Gained mutation: You are clumsy. (Dex -2) [potion of
                  | mutation]
 82438 | Tar:1    | Gained mutation: Your mind is acute. (Int +2) [potion of
                  | mutation]
 82438 | Tar:1    | Gained mutation: You are covered in fur. (AC +1) [potion of
                  | mutation]
 82439 | Tar:1    | Lost mutation: You are clumsy. (Dex -2) [potion of
                  | mutation]
 82439 | Tar:1    | Lost mutation: Your mind is acute. (Int +2) [potion of
                  | mutation]
 82439 | Tar:1    | Lost mutation: You are covered in fur. (AC +1) [potion of
                  | mutation]
 82439 | Tar:1    | Gained mutation: You are somewhat resistant to further
                  | mutation. [potion of mutation]
 82439 | Tar:1    | Gained mutation: You can translocate small distances at
                  | will. [potion of mutation]
 82440 | Tar:1    | Lost mutation: Your spells are a little harder to cast, but
                  | a little more powerful. [potion of mutation]
 82440 | Tar:1    | Lost mutation: You are somewhat resistant to further
                  | mutation. [potion of mutation]
 82440 | Tar:1    | Gained mutation: Scrolls take you a little longer to read.
                  | [potion of mutation]
 82440 | Tar:1    | Gained mutation: Your muscles are strong. (Str +2) [potion
                  | of mutation]
 82441 | Tar:1    | Lost mutation: Your muscles are strong. (Str +2) [potion of
                  | mutation]
 82441 | Tar:1    | Lost mutation: Scrolls take you a little longer to read.
                  | [potion of mutation]
 82441 | Tar:1    | Lost mutation: You tend to lose your temper in combat.
                  | [potion of mutation]
 82441 | Tar:1    | Gained mutation: You are agile. (Dex +2) [potion of
                  | mutation]
 82441 | Tar:1    | Gained mutation: You do not regenerate when monsters are
                  | visible. [potion of mutation]
 82441 | Tar:1    | Gained mutation: You are weak. (Str -2) [potion of
                  | mutation]
 82441 | Tar:1    | Gained mutation: You are partially covered in slimy green
                  | scales. (AC +2) [potion of mutation]
 82442 | Tar:1    | Lost mutation: You are surrounded by a mild repulsion
                  | field. (EV +2) [potion of mutation]
 82442 | Tar:1    | Lost mutation: You are agile. (Dex +2) [potion of mutation]
 82442 | Tar:1    | Lost mutation: You are weak. (Str -2) [potion of mutation]
 82442 | Tar:1    | Gained mutation: You are dopey. (Int -2) [potion of
                  | mutation]
 82442 | Tar:1    | Gained mutation: Your magical capacity is low. (-10% MP)
                  | [potion of mutation]
 82442 | Tar:1    | Gained mutation: You passively map a small area around you.
                  | [potion of mutation]
 82443 | Tar:1    | Lost mutation: You can translocate small distances at will.
                  | [potion of mutation]
 82443 | Tar:1    | Lost mutation: You are dopey. (Int -2) [potion of mutation]
 82443 | Tar:1    | Lost mutation: You do not regenerate when monsters are
                  | visible. [potion of mutation]
 82443 | Tar:1    | Lost mutation: Your magical capacity is low. (-10% MP)
                  | [potion of mutation]
 82443 | Tar:1    | Gained mutation: You are resistant to hostile enchantments.
                  | (MR+) [potion of mutation]
 82443 | Tar:1    | Gained mutation: Your muscles are strong. (Str +2) [potion
                  | of mutation]
 82443 | Tar:1    | Gained mutation: Your spells are a little harder to cast,
                  | but a little more powerful. [potion of mutation]
 83259 | Tar:4    | Received a gift from Okawaru
 83507 | Tar:7    | Entered Level 7 of Tartarus
 83612 | Tar:7    | Reached skill level 5 in Air Magic
 84047 | Tar:7    | Received a gift from Okawaru
 84139 | Tar:7    | Found the +8 orange crystal plate armour {Archmagi, Int+3
                  | Clar}
 84379 | Tar:7    | Noticed Ereshkigal
 84408 | Tar:7    | Killed Ereshkigal
 84474 | Tar:7    | Got a warped sapphire amulet
 84481 | Tar:7    | Got a bone rune of Zot
 84490 | Tar:7    | Got a bound bone ring
 84494 | Tar:7    | Identified the ring "Xienil" {rPois rF+ Str+2 Int-5} (You
                  | found it on level 7 of Tartarus)
 84567 | Tar:7    | Received a gift from Okawaru
 84898 | Tar:7    | Received a gift from Okawaru
 84908 | Tar:7    | Got a slimy hat {god gift}
 85252 | Hell     | Identified the amulet of Nuagaily {Reflect Dex+6 SH+2} (You
                  | found it on level 7 of Tartarus)
 85382 | Coc:1    | Entered Level 1 of Cocytus
 86172 | Coc:7    | Entered Level 7 of Cocytus
 86174 | Coc:7    | Received a gift from Okawaru
 86228 | Coc:7    | Got an encrusted large shield {god gift}
 86239 | Coc:7    | Identified the +0 large shield "Rezxoaty" {Stlth+} (Okawaru
                  | gifted it to you on level 7 of Cocytus)
 86411 | Coc:7    | Received a gift from Okawaru
 86932 | Coc:7    | Reached skill level 27 in Dodging
 87036 | Coc:7    | Received a gift from Okawaru
 87417 | Coc:7    | Received a gift from Okawaru
 87419 | Coc:7    | Noticed Antaeus
 87426 | Coc:7    | Reached skill level 15 in Earth Magic
 87440 | Coc:7    | Killed Antaeus
 87450 | Coc:7    | Got a shimmering scimitar {god gift}
 87496 | Coc:7    | Got an icy rune of Zot
 88248 | Tomb:1   | Learned a level 5 spell: Dispel Undead
 88251 | Tomb:1   | Learned a level 2 spell: Swiftness
 88258 | Tomb:1   | Learned a level 6 spell: Iron Shot
 88872 | Zot:1    | Entered Level 1 of the Realm of Zot
 89444 | Zot:1    | Identified the +8 scimitar "Kauw" {speed, +Inv rF+ rC-
                  | SInv} (Okawaru gifted it to you on level 7 of Cocytus)
 89630 | Zot:1    | Received a gift from Okawaru
 89657 | Zot:1    | Received a gift from Okawaru
 89660 | Zot:1    | Got a faintly humming large shield {god gift}
 89671 | Zot:1    | Identified the +8 large shield of Snakes and Ladders {rF+
                  | MP+9 SInv} (Okawaru gifted it to you on level 1 of the
                  | Realm of Zot)
 89755 | Zot:1    | Identified the cursed -6 buckler of Distant Shores {Str+5}
 89856 | Zot:1    | Identified the +0 hat "Meenafa" {*Corrode Regen+ Str+6
                  | SInv} (Okawaru gifted it to you on level 7 of Tartarus)
 90328 | Zot:2    | Noticed an orb of fire
 90357 | Zot:2    | Killed an orb of fire
 91701 | Zot:3    | Received a gift from Okawaru
 92386 | Zot:4    | Received a gift from Okawaru
 92683 | Zot:5    | Entered Level 5 of the Realm of Zot
 92767 | Zot:5    | Received a gift from Okawaru
 92770 | Zot:5    | Identified the +0 hat "Onneyth" {rC+ Str+7 Int+2 Dex+4}
                  | (Okawaru gifted it to you on level 5 of the Realm of Zot)
 92970 | Zot:5    | Noticed an orb of fire
 92975 | Zot:5    | Noticed an orb of fire
 92988 | Zot:5    | Killed an orb of fire
 92993 | Zot:5    | Killed an orb of fire
 93004 | Zot:5    | Noticed an orb of fire
 93010 | Zot:5    | Noticed an orb of fire
 93015 | Zot:5    | Noticed an orb of fire
 93016 | Zot:5    | Noticed an orb of fire
 93020 | Zot:5    | Killed an orb of fire
 93021 | Zot:5    | Noticed an orb of fire
 93039 | Zot:5    | Gained mutation: You are clumsy. (Dex -2) [an orb of fire]
 93041 | Zot:5    | Killed an orb of fire
 93089 | Zot:5    | Killed an orb of fire
 93089 | Zot:5    | Received a gift from Okawaru
 93093 | Zot:5    | Received a gift from Okawaru
 93118 | Zot:5    | Killed an orb of fire
 93183 | Zot:5    | Killed an orb of fire
 93432 | Zot:5    | Noticed an orb of fire
 93442 | Zot:5    | Noticed an orb of fire
 93445 | Zot:5    | Gained mutation: You expend magic power (3 MP) to
                  | strengthen your wands. [an orb of fire]
 93448 | Zot:5    | Killed an orb of fire
 93449 | Zot:5    | Gained mutation: You occasionally shout uncontrollably at
                  | your foes. [an orb of fire]
 93458 | Zot:5    | Killed an orb of fire
 93462 | Zot:5    | Reached skill level 27 in Fighting
 94247 | Tomb:2   | Noticed a greater mummy
 94247 | Tomb:2   | Noticed a greater mummy
 94248 | Tomb:2   | Noticed a greater mummy
 94252 | Tomb:2   | Noticed a greater mummy
 94253 | Tomb:2   | Noticed a greater mummy
 94261 | Tomb:1   | Killed a greater mummy
 94567 | Tomb:2   | Received a gift from Okawaru
 94569 | Tomb:2   | Killed a greater mummy
 94573 | Tomb:2   | Killed a greater mummy
 94577 | Tomb:2   | Killed a greater mummy
 94580 | Tomb:2   | Killed a greater mummy
 94924 | Tomb:1   | Noticed a greater mummy
 94924 | Tomb:1   | Noticed a greater mummy
 94927 | Tomb:1   | Killed a greater mummy
 94928 | Tomb:1   | Noticed a greater mummy
 94936 | Tomb:1   | Killed a greater mummy
 94939 | Tomb:1   | Killed a greater mummy
 94948 | Tomb:1   | Noticed a greater mummy
 94954 | Tomb:1   | Killed a greater mummy
 95013 | Tomb:1   | Noticed a greater mummy
 95024 | Tomb:1   | Killed a greater mummy
 95039 | Tomb:1   | Noticed a greater mummy
 95043 | Tomb:1   | Noticed a greater mummy
 95047 | Tomb:1   | Killed a greater mummy
 95052 | Tomb:1   | Killed a greater mummy
 95054 | Tomb:1   | Noticed a greater mummy
 95055 | Tomb:1   | Noticed a greater mummy
 95058 | Tomb:1   | Received a gift from Okawaru
 95062 | Tomb:1   | Killed a greater mummy
 95065 | Tomb:1   | Killed a greater mummy
 95067 | Tomb:1   | Noticed a greater mummy
 95069 | Tomb:1   | Noticed a greater mummy
 95075 | Tomb:1   | Killed a greater mummy
 95077 | Tomb:1   | Killed a greater mummy
 95078 | Tomb:1   | Noticed a greater mummy
 95078 | Tomb:1   | Noticed a greater mummy
 95284 | Tomb:1   | Killed a greater mummy
 95748 | Tomb:3   | Entered Level 3 of the Tomb of the Ancients
 95762 | Tomb:3   | Noticed an ancient lich
 95765 | Tomb:3   | Noticed a greater mummy
 95770 | Tomb:3   | Noticed a greater mummy
 95773 | Tomb:3   | Killed a greater mummy
 95775 | Tomb:3   | Noticed a greater mummy
 95777 | Tomb:3   | Killed a greater mummy
 95777 | Tomb:3   | Received a gift from Okawaru
 95786 | Tomb:3   | Killed an ancient lich
 95798 | Tomb:3   | Killed a greater mummy
 95799 | Tomb:3   | Noticed a greater mummy
 95805 | Tomb:3   | Noticed a greater mummy
 96131 | Tomb:3   | Noticed a greater mummy
 96135 | Tomb:3   | Killed a greater mummy
 96135 | Tomb:3   | Noticed a greater mummy
 96138 | Tomb:3   | Noticed a greater mummy
 96141 | Tomb:3   | Killed a greater mummy
 96149 | Tomb:3   | Killed a greater mummy
 96352 | Tomb:3   | Killed a greater mummy
 96373 | Tomb:3   | Killed a greater mummy
 96373 | Tomb:3   | Received a gift from Okawaru
 96734 | Tomb:3   | Identified the +7 scimitar "Heneja" {flame, SInv} (You
                  | found it on level 3 of the Tomb of the Ancients)
 96753 | Tomb:3   | Got a heavily runed platinum amulet
 96773 | Tomb:3   | Identified the amulet "Irodajie" {RegenMP Fragile rF+ rN++}
                  | (You found it on level 3 of the Tomb of the Ancients)
 96903 | Tomb:3   | Got a golden rune of Zot
 97106 | Tomb:1   | Killed a greater mummy
 97792 | Zot:5    | Got the Orb of Zot
 97967 | Zot:5    | Noticed Waezelea the pandemonium lord
 97983 | Zot:3    | Noticed Hihomaox the pandemonium lord
 97990 | Zot:3    | Killed Hihomaox the pandemonium lord
 98000 | Zot:3    | Noticed Ysal Ybb the pandemonium lord
 98128 | Depths:5 | Noticed Joprism the pandemonium lord
 98135 | Depths:5 | Killed Joprism the pandemonium lord
 98135 | Depths:5 | Received a gift from Okawaru
 98296 | D:14     | Noticed Yniptuekk the pandemonium lord
 98296 | D:14     | Noticed an ancient lich
 98346 | D:12     | Reached skill level 27 in Spellcasting
 98442 | D:8      | Noticed Kal Qaufoss the pandemonium lord
 98446 | D:8      | Killed Kal Qaufoss the pandemonium lord
 98548 | D:5      | Noticed a seraph
 98553 | D:5      | Killed a seraph
 98570 | D:5      | Received a gift from Okawaru
 98690 | D:2      | Noticed Zocsutep the pandemonium lord
 98696 | D:2      | Killed Zocsutep the pandemonium lord
 98711 | D:2      | Noticed Sinyosen the pandemonium lord
 98722 | D:2      | Killed Sinyosen the pandemonium lord
 98766 | D:$      | Escaped with the Orb!

Skill      XL: |  1  2  3  4  5  6  7  8  9 10 11 12 13 14 15 16 17 18 19 20 21 22 23 24 25 26 27 |
---------------+----------------------------------------------------------------------------------+-----
Long Blades    | 3 4 6 8 9 10 12 13 14 15 16 17 24 | 24.1
Fighting       | 4 5 6 7 8 9 10 11 12 13 14 15 16 17 27 | 27.0
Shields        | 4 5 6 7 8 9 10 11 12 13 15 16 17 18 19 20 27 | 27.0
Dodging        | 4 5 6 7 8 9 10 11 12 13 14 15 16 17 18 27 | 27.0
Invocations    | 2 4 6 7 8 9 10 11 | 11.6
Evocations     | 2 6 |  6.7
Staves         | 1 4 |  4.4
Charms         | 2 4 5 7 11 | 11.4
Spellcasting   | 2 4 5 6 7 8 10 11 12 13 14 15 27 | 27.0
Necromancy     | 2 4 |  4.3
Transmutations | 1 3 5 7 9 10 | 10.5
Earth Magic    | 3 5 7 9 10 11 12 20 | 20.8
Translocations | 2 3 5 17 | 17.0
Stealth        | 1 6 9 11 13 | 13.5
Fire Magic     | 2 5 14 | 14.1
Summonings     | 7 |  7.5
Air Magic      | 5 |  5.0
Throwing       | |  0.9

Action                   |  1- 3 |  4- 6 |  7- 9 | 10-12 | 13-15 | 16-18 | 19-21 | 22-24 | 25-27 || total
-------------------------+-------+-------+-------+-------+-------+-------+-------+-------+-------++-------
Melee: Long sword        |    48 |    67 |   326 |       |       |       |       |       |       ||   441
       Constrict         |    15 |    19 |   101 |   109 |   128 |   199 |   167 |   207 |  1177 ||  2122
       Tentacles         |     9 |    14 |    76 |   212 |   395 |   403 |   346 |   518 |  2888 ||  4861
       Staff             |       |       |    89 |   197 |       |       |       |       |       ||   286
       Punch             |       |       |       |    26 |    49 |    46 |    27 |    23 |   170 ||   341
       Falchion          |       |       |       |   646 |   232 |       |       |       |    37 ||   915
       Demon blade       |       |       |       |       |  1034 |  1076 |   742 |       |       ||  2852
       Double sword      |       |       |       |       |       |       |   280 |  1151 |  1521 ||  2952
       Eudemon blade     |       |       |       |       |       |       |       |       |  5784 ||  5784
Throw: Javelin           |       |       |     8 |       |     1 |     3 |       |       |       ||    12
       Throwing net      |       |       |       |       |     2 |       |       |       |       ||     2
 Cast: Song of Slaying   |       |       |       |       |     5 |     9 |    13 |       |    10 ||    37
       Regeneration      |       |       |       |       |     4 |    12 |    23 |     3 |   232 ||   274
       Statue Form       |       |       |       |       |       |       |    98 |    99 |   622 ||   819
       Blink             |       |       |       |       |       |       |     6 |     1 |     5 ||    12
       Aura of Abjuratio |       |       |       |       |       |       |       |       |    26 ||    26
       Ring of Flames    |       |       |       |       |       |       |       |       |    24 ||    24
       Controlled Blink  |       |       |       |       |       |       |       |       |    17 ||    17
       Shatter           |       |       |       |       |       |       |       |       |     2 ||     2
Invok: Heroism           |       |       |       |    33 |    43 |    50 |    36 |    11 |   117 ||   290
       Finesse           |       |       |       |       |     1 |     4 |     5 |     2 |    42 ||    54
Evoke: Wand              |       |       |     6 |     6 |     8 |     4 |    32 |     1 |    10 ||    67
  Use: Potion            |       |     2 |     5 |     1 |     9 |    12 |    13 |       |    38 ||    80
       Scroll            |       |       |    14 |     5 |    16 |    13 |    37 |     5 |    57 ||   147
 Stab: Sleeping          |     8 |     3 |    13 |    21 |     8 |     6 |     6 |    17 |   102 ||   184
       Distracted        |       |       |     1 |       |     2 |     1 |     1 |       |    64 ||    69
       Held in net/web   |       |       |       |       |     3 |       |       |       |       ||     3
       Petrified         |       |       |       |       |     2 |       |       |       |     1 ||     3
       Fleeing           |       |       |       |       |     1 |       |       |       |       ||     1
       Petrifying        |       |       |       |       |       |       |       |       |     1 ||     1
  Eat: Chunk             |       |     2 |     9 |    11 |    13 |     6 |    24 |    33 |    26 ||   124
       Ration            |       |     1 |     2 |     6 |     5 |     9 |    18 |     9 |    72 ||   122
Armor: Skin              |     4 |    16 |   119 |    45 |    67 |    72 |   308 |   235 |  1031 ||  1897
Dodge: Dodged            |     8 |    26 |   163 |   327 |   466 |   530 |   869 |   967 |  5839 ||  9195
Block: Shield            |    16 |    49 |   228 |   405 |   719 |   823 |  1074 |  1321 |  6178 || 10813
       Reflection        |       |       |       |       |    15 |    26 |    73 |   131 |    81 ||   326
       Large shield      |       |       |       |       |       |       |       |       |  3463 ||  3463
       Rpst.: Long sword |     3 |     7 |    33 |       |       |       |       |       |       ||    43
       Falchion          |       |       |       |    49 |    21 |       |       |       |     2 ||    72
       Demon blade       |       |       |       |       |    94 |    96 |   107 |       |       ||   297
       Double sword      |       |       |       |       |       |       |    38 |   185 |   299 ||   522
       Eudemon blade     |       |       |       |       |       |       |       |       |   651 ||   651
